Map: Dusk Towers

Players

Miszu - Winner!

  • Race: Terran Terran
  • League: Grandmaster

Tactyle

  • Race: Zerg Zerg
  • League: Master

VOD

Have the link to the VOD?

Description

Time

  • Played on: May 18, 2016, 11:53 a.m.
  • Length: 10:40
Show
View Real Time Build Order
Export as new Build Order

Miszu Terran - Winner!

Build Orders: Reaper Expand, Hellion Banshee 

Get SALT Encoding   

  12  0:00  SCV  
  13  0:12  SCV  
  14  0:17  Supply Depot  
  14  0:25  SCV  
  15  0:39  SCV  
  15  0:40  Barracks  
  16  0:43  Refinery  
  16  0:51  SCV  
  17  1:03  SCV  
  18  1:15  SCV  
  19  1:27  Orbital Command  
  19  1:28  Reaper  
  20  1:40  Command Center  
  20  1:48  Supply Depot  
  20  1:53  SCV  
  21  2:00  Marine  
  22  2:07  Factory, SCV  
  23  2:11  Refinery  
  23  2:19  SCV  
  23  2:20  Barracks Reactor  
  24  2:31  SCV  
  25  2:43  SCV  
  26  2:52  Starport  
  26  2:55  SCV  
  26  2:56  Orbital Command  
  27  3:02  Hellion x2  
  31  3:05  Barracks Tech Lab  
  31  3:08  SCV  
  32  3:20  SCV  
  32  3:22  SCV  
  32  3:23  Hellion  
  32  3:24  Hellion  
  38  3:32  Barracks Reactor, SCV  
  39  3:34  SCV  
  39  3:38  Banshee  
  42  3:44  SCV  
  42  3:46  SCV  
  42  3:48  Command Center  
  44  3:54  Hellion  
  46  4:13  Supply Depot  
  46  4:16  Supply Depot  
  46  4:17  Liberator  
  46  4:21  Hellion  
  46  4:31  Refinery x2  
  46  4:35  Hellion, SCV x2  
  53  4:44  Armory  
  53  4:47  SCV x2  
  53  4:48  Liberator  
  55  4:56  Hellion  
  55  4:59  SCV x2  
  59  5:00  Liberator, Orbital Command  
  62  5:11  SCV x2  
  69  5:21  Hellion  
  69  5:23  Hellion, SCV x2  
  73  5:33  Terran Ship Weapons Level 1  
  73  5:34  Orbital Command  
  73  5:35  SCV x2  
  75  5:42  Starport x2  
  75  5:47  SCV  
  75  5:48  Liberator  
  76  5:55  Liberator  
  76  5:57  Engineering Bay  
  76  6:01  SCV  
  76  6:02  Supply Depot  
  77  6:04  Supply Depot  
  77  6:07  Supply Depot  
  77  6:11  SCV  
  78  6:18  SCV x2  
  83  6:21  Starport Tech Lab  
  83  6:24  Missile Turret  
  83  6:26  Missile Turret  
  83  6:28  SCV  
  83  6:30  SCV, Liberator  
  84  6:34  Refinery  
  84  6:36  SCV  
  84  6:39  Refinery  
  84  6:40  Missile Turret  
  84  6:42  Banshee  
  84  6:45  SCV x2  
  92  6:48  SCV  
  92  6:50  Liberator  
  92  6:53  Supply Depot  
  95  6:57  SCV x2  
  95  7:00  SCV  
  98  7:02  Missile Turret  
  98  7:06  Banshee  
  101  7:09  SCV  
  101  7:10  SCV  
  101  7:12  SCV  
  104  7:17  Liberator x2  
  104  7:21  SCV  
  104  7:22  Supply Depot x2, SCV  
  106  7:24  SCV  
  106  7:33  SCV  
  106  7:34  SCV  
  106  7:36  Supply Depot  
  106  7:37  SCV  
  115  7:40  Hellion  
  119  7:44  Hellion  
  119  7:45  SCV  
  119  7:46  SCV  
  119  7:49  SCV  
  122  7:51  Supply Depot  
  122  7:54  Command Center  
  122  7:55  Terran Ship Weapons Level 2  
  122  7:58  SCV  
  123  8:05  Cloaking Field  
  123  8:06  Starport  
  123  8:07  Starport  
  120  8:15  Liberator x3  
  120  8:18  Liberator  
  116  8:23  Hellion x9  
  110  8:30  Liberator  
  119  8:35  Liberator  
  119  8:38  Supply Depot  
  124  8:41  Supply Depot  
  127  8:54  Hellion  
  127  8:55  Hellion  
  132  8:58  Liberator x2  
  132  9:01  Missile Turret x2  
  132  9:02  Missile Turret  
  129  9:16  Hellion, Banshee  
  140  9:18  Liberator, Banshee  
  143  9:30  Hellion  
  145  9:32  Planetary Fortress  
  145  9:34  Refinery  
  145  9:37  Refinery, Hellion, Liberator  
  145  9:38  Missile Turret x2  
  149  9:42  Missile Turret  
  149  9:48  Missile Turret  
  149  9:49  Missile Turret  
Show
View Real Time Build Order
Export as new Build Order

Tactyle Zerg 

Build Orders: Hatch First 

Get SALT Encoding   

  12  0:00  Drone  
  13  0:12  Overlord  
  13  0:17  Drone  
  14  0:31  Drone x2  
  14  0:35  Drone  
  17  0:52  Hatchery  
  17  0:54  Drone  
  17  0:58  Drone  
  18  1:05  Extractor  
  18  1:06  Drone  
  18  1:18  Spawning Pool  
  18  1:20  Drone  
  18  1:28  Drone  
  19  1:38  Overlord  
  19  1:55  Drone  
  20  2:01  Drone  
  20  2:05  Queen x2  
  20  2:06  Zergling x2  
  26  2:11  Metabolic Boost  
  26  2:12  Zergling x2  
  27  2:16  Drone  
  27  2:22  Drone  
  29  2:27  Drone  
  30  2:36  Overlord  
  30  2:38  Drone  
  31  2:50  Evolution Chamber  
  31  2:51  Zergling x4  
  32  2:53  Lair  
  32  3:02  Zergling x4  
  34  3:06  Zergling x2  
  35  3:15  Zergling x12  
  35  3:16  Zergling x2  
  42  3:29  Overlord  
  42  3:30  Drone x2  
  42  3:31  Extractor  
  43  3:45  Drone  
  44  4:04  Drone  
  44  4:05  Drone x7  
  44  4:08  Spire  
  50  4:12  Spore Crawler  
  50  4:13  Spore Crawler  
  48  4:20  Drone x3  
  49  4:27  Extractor, Drone x3  
  50  4:38  Overlord  
  50  4:39  Drone  
  50  4:44  Overlord  
  50  4:57  Extractor  
  49  5:01  Drone  
  49  5:02  Drone x3  
  53  5:09  Drone x2  
  53  5:10  Overlord, Drone x3  
  58  5:21  Mutalisk x2  
  58  5:22  Overseer  
  62  5:29  Mutalisk x3  
  62  5:34  Mutalisk  
  70  5:40  Overlord  
  66  5:44  Overlord  
  66  5:49  Hatchery  
  62  5:52  Mutalisk x2  
  62  5:57  Zergling x8  
  68  6:07  Mutalisk  
  70  6:16  Zerg Flyer Weapons Level 1  
  70  6:18  Drone x5  
  75  6:28  Zerg Ground Armor Level 1  
  75  6:29  Drone x4  
  79  6:34  Mutalisk  
  81  6:44  Drone x3  
  81  6:45  Extractor  
  81  6:46  Overlord  
  83  6:52  Extractor  
  82  6:57  Mutalisk  
  84  7:02  Mutalisk  
  84  7:03  Mutalisk  
  84  7:04  Overlord, Queen  
  84  7:05  Drone x2  
  84  7:06  Drone x2  
  94  7:10  Overlord  
  94  7:18  Drone x4  
  94  7:20  Overlord  
  98  7:23  Overlord  
  98  7:29  Mutalisk x2  
  98  7:33  Mutalisk x2  
  106  7:43  Mutalisk x2  
  110  7:45  Zergling x2  
  110  7:46  Zergling x10  
  116  7:52  Mutalisk  
  116  7:54  Zergling x2  
  119  8:01  Overlord  
  119  8:04  Overlord x3  
  119  8:10  Zerg Flyer Armor Level 1  
  75  8:24  Mutalisk x4  
  68  8:32  Mutalisk  
  57  8:35  Zergling x2  
  57  8:36  Zergling x12  
  65  8:44  Mutalisk  
  66  8:56  Mutalisk  
  66  8:58  Drone  
  66  8:59  Drone x2  
  66  9:01  Hatchery  
  70  9:06  Hatchery  
  69  9:10  Mutalisk x2  
  69  9:12  Drone x6  
  69  9:14  Drone  
  80  9:22  Drone  
  81  9:25  Mutalisk  
  83  9:38  Mutalisk x2  
  83  9:41  Drone  
  88  9:48  Mutalisk  
  88  9:51  Drone x2  
  92  9:54  Mutalisk  
  92  9:57  Drone x5  
  99  10:10  Mutalisk  
Tags
 
Add a new tag
Caveats
  • Supply blocks, unpowered buildings, or Contaminate may cause inaccurate times.
  • Supply counts are checked every 10 seconds.